 Dungeon Crawl Stone Soup version 0.25-a0-589-g1e14c549ee (webtiles) character file.

Game seed: 18271952043437394552, levelgen mode: deterministic

609 Danqa the Cleaver (level 7, 0/61 HPs)
             Began as a Hill Orc Monk on Mar 11, 2020.
             Was a Believer of Beogh.
             Shot with an arrow by a centaur (8 damage)
             ... on level 5 of the Dungeon.
             The game lasted 00:09:10 (5126 turns).

Danqa the Cleaver (Hill Orc Monk)                   Turns: 5126, Time: 00:09:11

Health: 0/61       AC:  9    Str: 16    XL:     7   Next: 43%
Magic:  7/7        EV: 12    Int: 10    God:    Beogh [**....]
Gold:   131        SH:  0    Dex: 17    Spells: 6/6 levels left

rFire    + + .     SeeInvis +   y - +6 short sword of the Lettuce {vorpal, Dex+4}
rCold    . . .     Gourm    .   (no shield)
rNeg     . . .     Faith    .   p - +2 ring mail {rF+}
rPois    .         Spirit   .   (no helmet)
rElec    .         Reflect  .   g - +0 cloak
rCorr    .         Harm     .   (no gloves)
MR       .....                  (no boots)
Stlth    +.........             (no amulet)
HPRegen  0.20/turn              f - ring of protection from fire
MPRegen  0.10/turn              n - ring of see invisible

@: no status effects
A: no striking features
a: Smiting, Renounce Religion


You were on level 5 of the Dungeon.
You worshipped Beogh.
Beogh was pleased with you.
You were near starving.

You visited 1 branch of the dungeon, and saw 5 of its levels.

You collected 131 gold pieces.

Inventory:

Hand Weapons
 a - a +0 hand axe
 y - the +6 short sword of the Lettuce (weapon) {vorpal, Dex+4}
   (You found it on level 4 of the Dungeon)

   It inflicts extra damage upon your enemies.
   It affects your dexterity (+4).
Armour
 b - a +0 robe
 g - a +0 cloak (worn)
 p - a +2 ring mail of fire resistance (worn)
Jewellery
 d - an uncursed ring of ice
 f - a ring of protection from fire (left hand)
 n - a ring of see invisible (right hand)
Wands
 m - a wand of paralysis (6)
 w - a wand of iceblast (7)
Scrolls
 e - a scroll of magic mapping {unknown}
 k - a scroll of remove curse
 s - a scroll of amnesia {unknown}
 t - a scroll of immolation {unknown}
 u - a scroll of noise {unknown}
 v - a scroll of blinking {unknown}
 x - a scroll of identify
Potions
 h - a potion of might {unknown}
 i - 2 potions of degeneration
 j - a potion of invisibility
 l - 2 potions of stabbing
 o - a potion of haste {unknown}
 q - 2 potions of resistance
 r - a potion of curing {unknown}
 z - a potion of flight {unknown}
 A - a potion of magic {unknown}
Comestibles
 c - 8 rations


   Skills:
 + Level 5.5 Fighting
 + Level 0.2 Short Blades
 + Level 8.4 Axes
 + Level 3.7 Armour
 - Level 2.6 Dodging
 - Level 1.7 Stealth


You had 6 spell levels left.
You didn't know any spells.
Your spell library contained the following spells:

 Spells                   Type           Power        Failure   Level  Hunger
 Magic Dart               Conj           #...         56%         1    ##.....
 Blink                    Tloc           N/A          71%         2    ###....
 Call Imp                 Summ           #.......     71%         2    ###....
 Slow                     Hex            #.......     71%         2    ###....
 Conjure Flame            Conj/Fire      #.......     90%         3    ####...
 Mephitic Cloud           Conj/Pois/Air  #.......     90%         3    ####...


Dungeon Overview and Level Annotations

Branches:
Dungeon (5/15)
 Temple: D:4-7

Altars:
Ashenzari
Dithmenos
Fedhas
Kikubaaqudgha
Makhleb
Nemelex Xobeh
Zin

Shops:
D:4 *

Annotations:
D:4 1 runed translucent door, DerDa's ghost, amateur HOMo


Message History

The iguana bites you!
You hit the iguana.
You kill the iguana!
Beogh accepts your kill.
You see here an iguana corpse.
A centaur comes into view.
The centaur wields a +0 shortbow.
The centaur shoots an arrow.
The arrow hits you but does no damage.
You see here an arrow.
The centaur shoots an arrow.
The arrow hits you.
* * * LOW HITPOINT WARNING * * *
Things that are here:
an arrow; an iguana corpse The centaur shoots an arrow.
The arrow barely misses you.
Found a stone staircase leading up.
The centaur shoots an arrow.
The arrow hits you!
* * * LOW HITPOINT WARNING * * *
You see here an arrow.
The centaur shoots an arrow.
The arrow hits you!
You die...

### #.# #@#
###.###
+..(.<#
###.#####
#.......###
#.#.......#
#..(###.###
#.#c# #.#
#.#.###.#


You could see a centaur.

Vanquished Creatures
  A phantom (D:4)
  A sky beast (D:2)
  A scorpion (D:4)
  A howler monkey (D:4)
  A hound (D:5)
  A centaur skeleton (D:4)
  An orc wizard (D:4)
  An iguana (D:5)
  A worker ant (D:4)
  3 gnolls (D:2)
  4 adders
  4 oozes
  3 worms
  A dart slug (D:1)
  3 leopard geckos
  6 orcs
  3 ball pythons
  4 giant cockroaches
  9 goblins
  8 hobgoblins
  18 jackals
  6 kobolds
  A quokka (D:4)
  16 bats
  5 frilled lizards
  8 rats
111 creatures vanquished.

Vanquished Creatures (others)
  An orc priest (D:4)
  An orc (D:4)
2 creatures vanquished.

Grand Total: 113 creatures vanquished

Notes
Turn   | Place    | Note
-------+----------+-------------------------------------------
     0 | D:1      | Danqa the Hill Orc Monk began the quest for the Orb.
     0 | D:1      | Reached XP level 1. HP: 19/19 MP: 1/1
   106 | D:1      | Reached XP level 2. HP: 11/27 MP: 2/2
   819 | D:1      | Reached XP level 3. HP: 33/33 MP: 3/3
  1117 | D:2      | Reached skill level 5 in Axes
  1419 | D:2      | Reached XP level 4. HP: 40/40 MP: 4/4
  1464 | D:2      | Found a shadowy altar of Dithmenos.
  1984 | D:3      | Noticed a sky beast
  2329 | D:2      | Reached skill level 6 in Axes
  2378 | D:2      | Reached XP level 5. HP: 33/47 MP: 5/5
  2951 | D:3      | Reached skill level 1 in Armour
  3049 | D:2      | Killed a sky beast
  3049 | D:2      | Reached skill level 5 in Fighting
  3049 | D:2      | Reached skill level 7 in Axes
  3049 | D:2      | Reached XP level 6. HP: 22/56 MP: 6/6
  4115 | D:4      | Found a blossoming altar of Fedhas.
  4185 | D:4      | Found an ancient bone altar of Kikubaaqudgha.
  4206 | D:4      | Found a glowing silver altar of Zin.
  4224 | D:4      | Found Luixefoi's General Store.
  4298 | D:4      | Found a runed translucent door.
  4306 | D:4      | Noticed DerDa's ghost (amateur HOMo)
  4380 | D:4      | Found a sparkling altar of Nemelex Xobeh.
  4401 | D:4      | Reached XP level 7. HP: 60/61 MP: 7/7
  4421 | D:4      | Found a shattered altar of Ashenzari.
  4454 | D:4      | Reached skill level 8 in Axes
  4481 | D:4      | Got a shimmering short sword
  4482 | D:4      | Identified the +6 short sword of the Lettuce {vorpal,
                  | Dex+4} (You found it on level 4 of the Dungeon)
  4691 | D:4      | Became a worshipper of Beogh the Brigand
  4691 | D:4      | Reached * piety under Beogh
  4691 | D:4      | Reached ** piety under Beogh
  4952 | D:4      | Found a burning altar of Makhleb.
  5085 | D:5      | Entered Level 5 of the Dungeon
  5126 | D:5      | Shot with an arrow by a centaur

Levels and vault maps discovered:
D:1:      onia_arrival_mini_spirals, layout_loops_corners
D:2:      layout_basic, nicolae_overflow_crystal_walls
D:3:      layout_basic, serial_glass, glass_columns_b, glass_columns_c,
          first_ration
D:4:      layout_basic, cheibrodos_ashenzari_chains, marbit_many_paths,
          nemelex_altar_shiori, lemuel_crystal_altar, kiku_gazebo_pond_becter,
          serial_shops, nicolae_shop_window_shopping, ebering_ghost_sewer_d,
          fedhas_altar_2
D:5:      layout_basic, lemuel_crystal_altar, uniq_prince_ribbit1

Skill      XL: |  1  2  3  4  5  6  7 |
---------------+----------------------+-----
Fighting       | 4 5 |  5.5
Axes           | 5 6 7 8 |  8.4
Armour         | 1 2 3 |  3.7
Short Blades   | |  0.2
Dodging        | |  2.6
Stealth        | |  1.7

Action                   |  1- 3 |  4- 6 |  7- 9 || total
-------------------------+-------+-------+-------++-------
Melee: Hand axe          |   121 |   327 |    31 ||   479
       Short sword       |       |       |    28 ||    28
Invok: Convert to Beogh  |       |       |     1 ||     1
  Use: Scroll            |       |     5 |       ||     5
 Stab: Sleeping          |    10 |     3 |       ||    13
  Eat: Chunk             |     1 |     7 |     1 ||     9
       Ration            |       |     1 |       ||     1
Armor: Robe              |    27 |     4 |       ||    31
       Ring mail         |       |   118 |    35 ||   153
Dodge: Dodged            |    96 |   191 |    29 ||   316

Table legend:
 A = Non-vault XP
 B = Vault XP
 C = Vault XP percentage of total XP
 D = Non-vault monster count
 E = Vault monster count
 F = Vault count percentage of total count
                 A         B        C        D         E       F
            +---------+---------+-------+---------+---------+-------
      Total |     871 |       0 |   0.0 |     111 |       0 |   0.0
            +---------+---------+-------+---------+---------+-------
        D:1 |      48 |       0 |   0.0 |      26 |       0 |   0.0
        D:2 |     265 |       0 |   0.0 |      33 |       0 |   0.0
        D:3 |      71 |       0 |   0.0 |      27 |       0 |   0.0
        D:4 |     403 |       0 |   0.0 |      23 |       0 |   0.0
        D:5 |      84 |       0 |   0.0 |       2 |       0 |   0.0
            +---------+---------+-------+---------+---------+-------
